 Dungeon Crawl Stone Soup version 0.28.0-43-g3370ac3207 (webtiles) character file.

Game seed: 4300843203388024634

191 cbfl8 the Covert (level 5, -15/41 HPs)
             Began as a Vampire Delver on Mar 19, 2022.
             Demolished by an ogre
             ... wielding a +0 giant club
              (19 damage)
             ... on level 5 of the Dungeon.
             The game lasted 00:03:11 (956 turns).

cbfl8 the Covert (Vampire Delver)                    Turns: 956, Time: 00:03:11

Health: -15/41     AC: 12    Str: 13    XL:     5   Next: 42%
Magic:  5/5        EV:  3    Int: 13    God:
Gold:   23         SH:  0    Dex: 15    Spells: 4/4 levels left

rFire   . . .      SeeInvis +   i - +0 broad axe
rCold   . . .      Faith    .   (no shield)
rNeg    . . .      Spirit   .   k - +0 plate armour
rPois   .          Reflect  .   (no helmet)
rElec   .          Harm     .   l - +1 cloak
rCorr   .          Rampage  .   (no gloves)
Will    .....                   (no boots)
Stlth   ..........              (no amulet)
HPRegen 0.33/turn               (no ring)
MPRegen 0.09/turn               (no ring)

@: healing quickly
A: alive, fangs 3, see invisible, vampiric 2
a: Exsanguinate


You were on level 5 of the Dungeon.
You visited 2 branches of the dungeon, and saw 3 of its levels.

You collected 23 gold pieces.

Inventory:

Hand Weapons
 a - a +0 falchion
 i - a +0 broad axe (weapon)
Armour
 b - a +0 leather armour
 d - a +0 scale mail
 k - a +0 plate armour (worn)
 l - a +1 cloak (worn)
Wands
 g - a wand of digging (3)
Potions
 h - a potion of cancellation {unknown}
 j - a potion of berserk rage {unknown}


   Skills:
 + Level 3.4 Fighting
 + Level 2.1 Long Blades
 + Level 1.5 Axes
 + Level 0.1 Armour
 + Level 2.5 Dodging
 + Level 9.6 Stealth


You had 4 spell levels left.
You didn't know any spells.
Your spell library was empty.

Dungeon Overview and Level Annotations

Branches:
Dungeon (6/15)             Temple (1/1) D:5

Altars:
Cheibriados
Dithmenos
Elyvilon
Gozag
Hepliaklqana
Makhleb
Okawaru
Sif Muna
Trog
Vehumet
Wu Jian
Yredelemnul
The Shining One

Annotations:
D:6 Edmund


Innate Abilities, Weirdness & Mutations

Your natural rate of healing is accelerated.
You have razor-sharp teeth.
You have supernaturally acute eyesight. (SInv)
You are afflicted with vampirism and can become a bat while bloodless.


Message History

You completely miss the orc. The orc hits you with a +0 whip.
The orc hits you but does no damage.
You hit the orc.
The orc is heavily wounded.
The orc barely misses you.
You slash the orc!
You kill the orc!
You slash the orc!
You kill the orc!
You completely miss the quokka. You punch the quokka.
The quokka is severely wounded.
The quokka bites you but does no damage.
An orc comes into view. It is wielding a +0 flail.
The quokka bites you but does no damage.
You closely miss the quokka.
The quokka is severely wounded.
The orc shouts!
You hear a shout!
The quokka bites you but does no damage.
An orc comes into view. It is wielding a +0 dagger.
The orc shouts!
You hit the quokka but do no damage. Your punch misses the quokka.
The quokka is severely wounded.
The quokka bites you.
An orc comes into view. It is wielding a +0 short sword.
The quokka completely misses you.
You closely miss the quokka. You bite the quokka.
You kill the quokka!
The ogre hits you with a +0 giant club!!
Ouch! That really hurt!
You slash the ogre!
The ogre is moderately wounded.
The ogre barely misses you.
You barely miss the ogre.
The ogre is moderately wounded.
The ogre hits you with a +0 giant club!
* * * LOW HITPOINT WARNING * * *
As you read the scroll of fog, it crumbles to dust.
The scroll dissolves into smoke.
The ogre hits you with a +0 giant club!!
You die...

#........,.....,,**,,,,,*
*.....?.#*#...,,,**,,,,,*
*,,..(..#
#..,,,,**,,,,,****
****#...#
#.#*+****,,,,,,,,,
#...###.##.####****,,,,,
*#.....>.......,,,,,,,,,
##.###########****,,,,,
#.#§#§#≈#####*****,***
#..§§@Ooooo..*,,,,,*
###§#§#§#o...*,***,*
#####*#,,,.*,*,,,**
*,,,,,,,,,,*,*,,,,**
*,,,,,,,,,,,,,,,_,,, ***
*,,,,,,,,,,****,,,,* *<*
**,,,,,,,,,* **,,,*
*,****,,,,****,* *,***
*,,*,,,,,,* *,* *,,,,


You could see an ogre and an orc.

Vanquished Creatures
  2 bullfrogs (D:6)
  A hound (D:6)
  2 adders
  6 orcs
  A quokka (D:5)
12 creatures vanquished.

Notes
Turn   | Place    | Note
-------+----------+-------------------------------------------
     0 | D:5      | cbfl8 the Vampire Delver began the quest for the Orb.
     0 | D:5      | Reached XP level 1. HP: 17/17 MP: 1/1
    26 | D:5      | Noticed an orc priest
    27 | D:5      | Noticed an orc wizard
    39 | D:5      | Found a shimmering blue altar of Sif Muna.
    50 | D:5      | Noticed an orc wizard
    50 | D:5      | Noticed an orc wizard
   120 | D:6      | Noticed a bullfrog
   126 | D:6      | Killed a bullfrog
   127 | D:6      | Reached skill level 8 in Stealth
   127 | D:6      | Reached XP level 2. HP: 10/24 MP: 2/2
   127 | D:6      | Gained mutation: You are afflicted with vampirism and can
                  | become a bat while bloodless. [Vampire growth]
   127 | D:6      | Reached XP level 3. HP: 12/29 MP: 3/3
   235 | D:6      | Reached XP level 4. HP: 35/35 MP: 4/4
   418 | D:6      | Noticed a bullfrog
   428 | D:6      | Killed a bullfrog
   429 | D:6      | Reached skill level 1 in Axes
   429 | D:6      | Reached skill level 9 in Stealth
   429 | D:6      | Reached XP level 5. HP: 35/41 MP: 5/5
   500 | D:6      | Noticed Edmund
   574 | D:6      | Noticed an ice beast
   583 | D:6      | HP: 2/41 [ice beast (11)]
   596 | D:5      | Found a staircase to the Ecumenical Temple.
   603 | Temple   | Entered the Ecumenical Temple
   942 | D:5      | Noticed an ogre
   956 | D:5      | Demolished by an ogre

Illustrated notes

Levels and vault maps discovered:
D:5:      layout_basic, lemuel_crystal_altar, led_sif_book,
          nicolae_overflow_crystal_walls, minmay_temple_entry_metal_lava,
          grunt_ministairs_2, chequers_serial_rivers_large_b
D:6:      layout_gridville, uniq_edmund
Temple:   hc_temple_tempest_star

Skill      XL: |  1  2  3  4 |
---------------+-------------+-----
Fighting       | 3 |  3.4
Stealth        | 8 9 |  9.6
Axes           | 1 |  1.5
Long Blades    | |  2.1
Armour         | |  0.1
Dodging        | |  2.5

Action                   |  1- 3 |  4- 6 || total
-------------------------+-------+-------++-------
Melee: Broad axe         |    15 |    66 ||    81
       Bite              |     1 |     6 ||     7
       Punch             |     1 |     1 ||     2
  Use: Scroll            |     1 |     2 ||     3
       Potion            |       |     1 ||     1
 Stab: Sleeping          |       |     2 ||     2
Armor: Scale mail        |     7 |    17 ||    24
       Plate armour      |       |    40 ||    40
Dodge: Dodged            |    10 |    33 ||    43
